 Seeded DCSS version 0.30.1-4-g462c640d31 (webtiles) character file.

Game seed: 6351066067085065685 (custom seed)

1955 Esekla the Reanimator (level 8, -1/41 HPs)
             Began as a Deep Elf Necromancer on Aug 17, 2023.
             Was a Priest of Vehumet.
             Slain by a wight
             ... wielding a +3 halberd
              (16 damage)
             ... on level 7 of the Dungeon.
             The game lasted 00:27:51 (5335 turns).

Esekla the Reanimator (Deep Elf Necromancer)        Turns: 5335, Time: 00:27:52

Health: -1/41      AC:  5    Str:  5    XL:     8   Next: 99%
Magic:  21/21      EV: 15    Int: 23    God:    Vehumet [***...]
Gold:   384        SH:  0    Dex: 18    Spells: 9/22 levels left

rFire   . . .        a - +5 rapier of the Hero {heavy, rN+ Dex+3}
rCold   . . .        (no shield)
rNeg    + . .        m - +0 robe
rPois   .            i - +0 helmet
rElec   .            E - +0 cloak
rCorr   .            k - +0 pair of gloves
SInv    .            (no boots)
Will    .....        A - amulet of magic regeneration
Stlth   +++          (no ring)
HPRegen 0.26/turn    (no ring)
MPRegen 0.57/turn

%: no passive effects
@: no status effects
A: no striking features
a: Renounce Religion


You were on level 7 of the Dungeon.
You worshipped Vehumet.
Vehumet was most pleased with you.
You visited 1 branch of the dungeon, and saw 8 of its levels.

You collected 384 gold pieces.

Inventory:

Hand Weapons
 a - the +5 rapier of the Hero (weapon) {heavy, rN+ Dex+3}
   (You found it on level 3 of the Dungeon)

   Dex:       It affects your dexterity (+3).
   rN:        It protects you from negative energy.
 r - a +0 trident
Missiles
 s - 19 poisoned darts (quivered)
Armour
 i - a +0 helmet (worn)
 k - a +0 pair of gloves (worn)
 m - a +0 robe (worn)
 E - a +0 cloak (worn)
Jewellery
 A - an amulet of magic regeneration (around neck)
Wands
 x - a wand of roots (15)
 C - a wand of flame (9)
 G - a wand of mindburst (9)
Scrolls
 c - 5 scrolls of blinking {unknown}
 e - a scroll of fear
 l - a scroll of immolation {unknown}
 o - 2 scrolls of fog {unknown}
 q - 8 scrolls of identify {unknown}
 t - 2 scrolls of amnesia {unknown}
 u - a scroll of enchant armour {unknown}
 v - 3 scrolls of enchant weapon {unknown}
 w - a scroll of summoning {unknown}
 y - a scroll of silence {unknown}
 z - a scroll of magic mapping {unknown}
 D - 2 scrolls of teleportation {unknown}
 F - 2 scrolls of poison {unknown}
Potions
 b - a potion of magic
 d - 2 potions of ambrosia {unknown}
 f - 5 potions of attraction {unknown}
 g - a potion of haste {unknown}
 h - a potion of mutation {unknown}
 j - 4 potions of curing
 n - 3 potions of brilliance {unknown}
 p - 2 potions of heal wounds {unknown}
 B - a potion of lignification {unknown}


   Skills:
 + Level 3.3 Short Blades
 + Level 0.5 Throwing
 * Level 5.2 Dodging
 + Level 4.8 Stealth
 * Level 7.8 Spellcasting
 * Level 8.1 Necromancy
 * Level 4.0 Translocations
 * Level 1.2 Ice Magic
 * Level 2.4 Air Magic
 * Level 3.2 Poison Magic


You had 9 spell levels left.
You knew the following spells:

 Your Spells              Type           Power      Damage    Failure   Level
a - Necrotise             Necr           100%       1d9       1%          1
b - Sandblast             Erth           18%        2d7       1%          1
d - Vampiric Draining     Necr           46%        2d9       1%          3
r - Frozen Ramparts       Ice            28%        1d5       3%          3
t - Teleport Other        Tloc           27%        N/A       4%          3
v - Poisonous Vapours     Pois/Air       44%        N/A       1%          2

Your spell library contained the following spells:

 Spells                   Type           Power      Damage    Failure   Level
 Lesser Beckoning         Tloc           54%        N/A       1%          2
 Animate Dead             Necr           46%        N/A       2%          4
 Gell's Gravitas          Tloc           27%        N/A       4%          3
 Agony                    Necr           46%        N/A       7%          5
 Spider Form              Tmut/Pois      16%        N/A       11%         3
 Cause Fear               Hex            4%         N/A       56%         4
 Summon Mana Viper        Hex/Summ       9%         N/A       89%         5


Dungeon Overview and Level Annotations

Branches:
Dungeon (8/15)             Temple (0/1) D:6
   Lair: D:8-11

Altars:
Dithmenos
Fedhas
Hepliaklqana
Okawaru
Qazlal
Trog
Vehumet
Zin
The Shining One

Shops:
D:2 =   D:4 (

Annotations:
D:6 Pikel


Message History

The gnoll sergeant hits you from afar with a +4 trident of venom.
You are more poisoned.
It was a potion of curing.
You feel better.
The wall freezes the gnoll.
The wall freezes the gnoll sergeant but does no damage.
The gnoll sergeant hits you from afar with a +4 trident of venom.
Your frozen ramparts will break if you move.
Continue?
The frozen ramparts melt away as you move.
You see here 14 gold pieces.
There is a stone staircase leading down here.
The gnoll sergeant hits you from afar with a +4 trident of venom!
You are lethally poisoned!
You climb downwards.
* * * LOW HITPOINT WARNING * * *
You feel very sick.
The two-headed ogre shouts in stereo!
The orc shouts!
The orc wizard shouts!
You hear a shout!
The orc shouts!
You hear a shout! x6
Found 2 scrolls labelled OPUZOUSOET and a yellow potion.
Found an escape hatch in the ceiling.
There is a stone staircase leading up here.
You feel better.
An orc comes into view. It is wielding a +0 hand axe.
An orc comes into view. It is wielding a +0 mace.
As you read the scroll of fear, it crumbles to dust.
You assume a fearsome visage.
The orc looks frightened! x2
The orc wizard easily resists.
The orc looks frightened! x2
The two-headed ogre looks frightened!
An orc comes into view. It is wielding a +0 flail.
The orc wizard points at you and mumbles some strange words.
You easily resist.
The two-headed ogre gives up.
Found a glowing rapier.
The orc wizard hits you but does no damage.
The two-headed ogre cries, "Help!"
There is an escape hatch in the ceiling here.
The two-headed ogre seems to regain its courage.
The orc wizard hits you with a +0 dagger of freezing.
The orc wizard freezes you. The orc closely misses you.
A mysterious force pulls you upwards. The hatch slams shut behind you.
The wight hits you from afar with a +3 halberd!
You die...

#########
#.(.....#
#.......#
#......?####
#...........
#....O......
#.z.o.......
#..z@...#
#..o....#
#...z...#
#########


You could see an ogre (asleep), 3 wights, an orc wizard and an orc.

Vanquished Creatures
  A wyvern (D:7)
  Menkaure (D:7)
  An ice beast (D:6)
  A sky beast (D:6)
  2 black bears
  An ogre (D:5)
  A centaur (D:7)
  A phantom (D:7)
  Blork the orc (D:6)
  A kobold brigand (D:6)
  A bullfrog (D:7)
  2 scorpions (D:5)
  A gnoll bouda (D:3)
  5 hounds
  A jelly (D:6)
  Crazy Yiuf (D:7)
  A sleepcap (D:5)
  5 iguanas
  An orc wizard (D:7)
  15 gnolls
  9 adders
  3 white imps
  An ufetubus (D:6)
  A worm (D:4)
  3 dart slugs
  15 orcs
  6 ball pythons
  4 endoplasms
  8 goblins
  5 hobgoblins
  A quokka (D:1)
  4 bats
  4 frilled lizards
  12 kobolds
  A rat (D:2)
121 creatures vanquished.

Vanquished Creatures (others)
  A white imp (D:7)
1 creature vanquished.

Grand Total: 122 creatures vanquished

Notes
Turn   | Place    | Note
-------+----------+-------------------------------------------
     0 | D:1      | Esekla the Deep Elf Necromancer began the quest for the
                  | Orb.
     0 | D:1      | Reached XP level 1. HP: 10/10 MP: 6/6
   122 | D:1      | Reached skill level 5 in Necromancy
   395 | D:4      | Found a glowing silver altar of Zin.
   408 | D:4      | Found an iron altar of Okawaru.
   419 | D:4      | Found a radiant altar of Vehumet.
   423 | D:4      | Became a worshipper of Vehumet
   507 | D:4      | Found a glowing golden altar of the Shining One.
   513 | D:4      | Noticed a gnoll bouda
   566 | D:3      | Reached XP level 2. HP: 14/15 MP: 8/8
   693 | D:3      | Identified the +5 rapier of the Hero {heavy, rN+ Dex+3}
   792 | D:2      | Found Renulab's Jewellery Shop.
   942 | D:1      | Reached XP level 3. HP: 19/19 MP: 9/9
   948 | D:1      | Learned a level 3 spell: Vampiric Draining
  1364 | D:2      | Reached skill level 1 in Short Blades
  1369 | D:2      | Reached XP level 4. HP: 19/24 MP: 7/11
  1393 | D:2      | Noticed a black bear
  1403 | D:2      | Reached * piety under Vehumet
  1403 | D:2      | Offered knowledge of Sandblast by Vehumet.
  1420 | D:2      | Found a faded altar of an unknown god.
  1468 | D:2      | Killed a black bear
  1469 | D:2      | Reached skill level 6 in Necromancy
  1469 | D:2      | Reached XP level 5. HP: 28/28 MP: 5/12
  1601 | D:2      | Learned a level 1 spell: Sandblast
  1605 | D:2      | Learned a level 3 spell: Teleport Other
  1943 | D:3      | Found a stormy altar of Qazlal.
  1946 | D:3      | Found a hazy altar of Hepliaklqana.
  1946 | D:3      | Found a bloodstained altar of Trog.
  2164 | D:4      | Found Ponaysk's Antique Weapon Boutique.
  2362 | D:4      | Reached XP level 6. HP: 32/32 MP: 10/14
  2615 | D:4      | Reached skill level 1 in Translocations
  2636 | D:4      | Offered knowledge of Poisonous Vapours by Vehumet.
  2644 | D:4      | Learned a level 2 spell: Poisonous Vapours
  2742 | D:3      | Reached ** piety under Vehumet
  2974 | D:5      | Entered Level 5 of the Dungeon
  2982 | D:5      | Got the Parchment of the Lumpy Olives
  2999 | D:5      | Found a shadowy altar of Dithmenos.
  3171 | D:5      | Reached skill level 5 in Spellcasting
  3171 | D:5      | Reached XP level 7. HP: 36/36 MP: 16/16
  3495 | D:5      | Reached skill level 1 in Air Magic
  3495 | D:5      | Reached skill level 1 in Poison Magic
  3642 | D:5      | Reached skill level 7 in Necromancy
  4009 | D:6      | Noticed Blork the orc
  4024 | D:6      | Killed Blork the orc
  4025 | D:6      | Reached XP level 8. HP: 12/41 MP: 12/19
  4252 | D:6      | Found a blossoming altar of Fedhas.
  4266 | D:6      | Offered knowledge of Frozen Ramparts by Vehumet.
  4298 | D:6      | Learned a level 3 spell: Frozen Ramparts
  4446 | D:6      | Found a staircase to the Ecumenical Temple.
  4653 | D:6      | Noticed Pikel
  4942 | D:7      | Found a runed translucent door.
  4943 | D:7      | Noticed Crazy Yiuf
  4950 | D:7      | Killed Crazy Yiuf
  4984 | D:7      | Reached skill level 5 in Dodging
  5014 | D:7      | Reached *** piety under Vehumet
  5015 | D:7      | Reached skill level 1 in Ice Magic
  5047 | D:7      | Noticed Menkaure
  5052 | D:7      | Killed Menkaure
  5310 | D:7      | Reached skill level 8 in Necromancy
  5325 | D:8      | Noticed a two-headed ogre
  5335 | D:7      | Slain by a wight

Illustrated notes

Levels and vault maps discovered:
D:1:      sevenhm_arrival_forest_fort_small_3, layout_rooms,
          chequers_serial_rivers_room_b, minmay_misc_feat_five
D:2:      layout_loops_ring, dreamdust_ecumenical_altar_angels_and_demons,
          serial_shops, shop
D:3:      layout_basic, grunt_temple_overflow_open, minmay_misc_feat_iff
D:4:      layout_basic, nicolae_overflow_quartered_altars, serial_shops,
          nicolae_diamond_shop
D:5:      layout_loops_ring, lemuel_doored_altar, minmay_misc_feat_rows,
          dreamdust_wishing_well
D:6:      layout_loops_cross, fedhas_altar_fruit_tree,
          minmay_temple_entry_glass, uniq_pikel, uniq_blork_the_orc
D:7:      layout_basic, uniq_menkaure, uniq_joseph, uniq_crazy_yiuf_cottage
D:8:      layout_basic, nicolae_uskayaw_dance_hall, serial_demonic,
          serial_demonic_d, serial_demonic_a, serial_demonic_c,
          serial_demonic_c, nicolae_diode_quadrants

Skill      XL: |  1  2  3  4  5  6  7  8 |
---------------+-------------------------+-----
Necromancy     | 5 6 7 8 |  8.1
Stealth        | 3 4 |  4.8
Short Blades   | 1 2 3 |  3.3
Dodging        | 3 4 5 |  5.2
Spellcasting   | 4 5 6 7 |  7.8
Translocations | 1 2 4 |  4.0
Air Magic      | 1 2 |  2.4
Poison Magic   | 1 3 |  3.2
Ice Magic      | 1 |  1.2
Throwing       | |  0.5

Action                     |  1- 3 |  4- 6 |  7- 9 || total
---------------------------+-------+-------+-------++-------
  Melee: Short sword       |    24 |       |       ||    24
         Unarmed           |     9 |       |       ||     9
         Rapier            |    44 |    64 |    89 ||   197
  Throw: Dart              |       |     5 |     9 ||    14
   Cast: Vampiric Draining |     1 |    17 |    27 ||    45
         Poisonous Vapours |       |     4 |    12 ||    16
         Teleport Other    |       |       |    14 ||    14
         Frozen Ramparts   |       |       |     1 ||     1
  Evoke: Wand              |       |       |     6 ||     6
    Use: Scroll            |       |       |     2 ||     2
         Potion            |       |       |     2 ||     2
   Stab: Sleeping          |     3 |     6 |     8 ||    17
 Armour: Robe              |    24 |    15 |    31 ||    70
  Dodge: Dodged            |    50 |    63 |   101 ||   214
